 Dungeon Crawl Stone Soup version 0.29-a0-414-g5075937 (webtiles) character file.

Game seed: 8213888093409892774

68072 Geeful the Warrior (level 15, -5/171 HPs)
             Began as an Ogre Gladiator on May 14, 2022.
             Was the Champion of the Shining One.
             Slain by an ice devil (17 damage)
             ... summoned by a kobold demonologist
             ... on level 12 of the Dungeon on May 15, 2022.
             The game lasted 02:02:30 (31257 turns).

Geeful the Warrior (Ogre Gladiator)                Turns: 31257, Time: 02:02:31

Health: -5/171     AC:  9    Str: 24    XL:     15   Next: 25%
Magic:  23/23      EV: 15    Int:  9    God:    the Shining One [******]
Gold:   2365       SH:  0    Dex: 14    Spells: 14/14 levels left

rFire   . . .      SeeInvis .   b - +5 giant spiked club (protect)
rCold   . . .      Faith    .   (shield currently unavailable)
rNeg    + + +      Spirit   .   G - +2 robe {Will+}
rPois   .          Reflect  .   c - +1 hat
rElec   .          Harm     .   x - +2 cloak
rCorr   .          Rampage  .   (gloves unavailable)
Will    +++..                   (boots unavailable)
Stlth   +.........              (no amulet)
HPRegen 0.38/turn               v - ring of willpower
MPRegen 0.18/turn               (no ring)

@: glowing
A: large, unfitting armour, tough skin 1
a: Renounce Religion, Divine Shield, Cleansing Flame, Summon Divine Warrior,
Brand Weapon With Holy Wrath


You were on level 12 of the Dungeon.
You worshipped the Shining One.
The Shining One was exalted by your worship.
You visited 3 branches of the dungeon, and saw 20 of its levels.
You also visited: Ossuary and Bailey.

You collected 2614 gold pieces.
You spent 249 gold pieces at shops.

Inventory:

Hand Weapons
 a - the +10 dagger "Arphoiren" {venom, rPois Int+5 SInv}
   (You found it on level 5 of the Dungeon)

   It poisons the flesh of those it strikes.
   Int:       It affects your intelligence (+5).
   rPois:     It protects you from poison.
   SInv:      It lets you see invisible.
 b - a +5 giant spiked club of protection (weapon)
Missiles
 d - a throwing net
 j - 14 boomerangs (quivered)
 p - 48 poisoned darts
 q - 2 large rocks
 s - 3 silver javelins
 D - 5 javelins
 H - 4 datura-tipped darts
 I - 6 curare-tipped darts
 J - 4 atropa-tipped darts
Armour
 c - a +1 hat (worn)
 x - a +2 cloak (worn)
 B - a +2 robe of positive energy
 G - a +2 robe of willpower (worn)
Jewellery
 v - a ring of willpower (left hand)
Wands
 f - a wand of iceblast (7)
 k - a wand of polymorph (9)
 r - a wand of digging (9)
 u - a wand of flame (26)
 K - a wand of charming (10)
Scrolls
 i - a scroll of poison
 l - 8 scrolls of teleportation
 t - a scroll of immolation
 y - a scroll of silence
Potions
 e - 2 potions of ambrosia
 g - 3 potions of magic
 h - a potion of resistance {unknown}
 m - 3 potions of degeneration {unknown}
 o - 2 potions of might {unknown}
 w - 4 potions of mutation
 z - 2 potions of invisibility
 A - 3 potions of heal wounds
 C - 10 potions of curing
 E - a potion of haste
 F - a potion of flight {unknown}
 L - 4 potions of attraction


   Skills:
 + Level 16.3 Fighting
 + Level 11.9 Maces & Flails
 + Level 12.8 Throwing
 + Level 11.9 Dodging
 + Level 10.8 Invocations


You had 14 spell levels left.
You didn't know any spells.
Your spell library contained the following spells:

 Spells                   Type           Power      Damage    Failure   Level
 Magic Dart               Conj           0%         1d3       38%         1
 Sandblast                Erth           0%         2d4       38%         1
 Blink                    Tloc           0%         N/A       52%         2
 Call Imp                 Summ           0%         N/A       52%         2
 Passwall                 Tmut/Erth      0%         N/A       52%         2
 Dazzling Flash           Conj/Hex       0%         N/A       77%         3
 Gell's Gravitas          Tloc           0%         N/A       77%         3
 Lesser Beckoning         Tloc           0%         N/A       77%         3
 Mephitic Cloud           Conj/Pois/Air  0%         N/A       77%         3
 Ozocubu's Armour         Ice            0%         N/A       77%         3
 Stone Arrow              Conj/Erth      0%         3d7       77%         3
 Teleport Other           Tloc           0%         N/A       77%         3
 Summon Ice Beast         Ice/Summ       0%         N/A       99%         4
 Agony                    Necr           0%         N/A       100%        5
 Manifold Assault         Tloc           0%         N/A       100%        5
 Metabolic Englaciation   Hex/Ice        0%         N/A       100%        5
 Silence                  Hex/Air        0%         N/A       100%        5
 Summon Mana Viper        Hex/Summ       0%         N/A       100%        5
 Simulacrum               Ice/Necr       0%         N/A       100%        6
 Monstrous Menagerie      Summ           0%         N/A       100%        7
 Storm Form               Tmut/Air       0%         N/A       100%        7


Dungeon Overview and Level Annotations

Branches:
Dungeon (12/15)            Temple (0/1) D:4            Lair (6/6) D:10
  Swamp (0/4) Lair:3        Snake (0/4) Lair:3        Slime (0/5) Lair:6
    Orc (2/2) D:11            Elf (0/3) Orc:2       Ossuary (visited)
 Bailey (visited)

Altars:
Kikubaaqudgha
Makhleb
Okawaru
Qazlal
Trog
Uskayaw
Vehumet
Wu Jian
Zin
The Shining One
Beogh
Jiyva

Shops:
D:1 :   D:8 *   Orc:2 ([(:

Annotations:
D:5 exclusion: downstairs
D:9 exclusion: downstairs
D:11 2 transporters, Notta's ghost, journeyman GrEE
Lair:5 exclusion: 2 downstairs
Lair:6 2 runed translucent doors


Innate Abilities, Weirdness & Mutations

You are too large for most types of armour.
You have tough skin. (AC +1)


Message History

You hit the kobold demonologist but do no damage.
The iron imp disappears in a puff of smoke!
The iron imp spits at you.
The kobold demonologist looks satisfied for a moment.
The ice devil hits you but does no damage.
You hit the kobold demonologist but do no damage.
Your divine shield fades away.
The kobold demonologist closely misses you.
The ice devil misses you.
The crimson imp blinks!
The ice devil barely misses you.
The kobold demonologist hits you but does no damage.
You closely miss the kobold demonologist.
You feel yourself speed up.
The kobold demonologist barely misses you.
The ice devil closely misses you. The ice devil barely misses you.
The kobold demonologist hits you but does no damage.
The iron imp shouts, "Remove thy stench, thou fulsome weevil-witted gudgeon!"
You barely miss the kobold demonologist.
The kobold demonologist hits you but does no damage.
The ice devil hits you. The ice devil freezes you!!
* * * LOW HITPOINT WARNING * * *
You thump the kobold demonologist!
The kobold demonologist is moderately wounded.
The kobold demonologist hits you but does no damage.
The ice devil hits you.
* * * LOW HITPOINT WARNING * * *
The ice devil freezes you!
* * * LOW HITPOINT WARNING * * *
You barely miss the kobold demonologist.
The kobold demonologist is moderately wounded.
The kobold demonologist looks braver for a moment.
The ice devil completely misses you. The ice devil closely misses you.
The kobold demonologist closely misses you.
You completely miss the kobold demonologist.
The kobold demonologist is moderately wounded.
The kobold demonologist hits you but does no damage.
The ice devil hits you!
* * * LOW HITPOINT WARNING * * *
The ice devil freezes you!
You die...

....
##..#### ###
#.....#
#....##.#
#.#.###.#
...#. #.#
#.. #. #.##
#.. ## #..#
.. ##4# #@#
#K#
.:...KK5#
......K5.
.....?....
..........#
..........#
.......<...
............


You could see an ice devil (summoned), 2 kobold demonologists, a kobold brigand
and 2 iron imps.

Vanquished Creatures
  7 hydras
  3 two-headed ogres
  6 death yaks
  2 orc high priests
  Urug (D:11)
  A fire crab (Lair:6)
  3 orc sorcerers
  8 orc knights (Orc:2)
  A cyclops (D:12)
  28 elephants
  A manticore (D:11)
  6 black mambas
  A torpor snail (Lair:3)
  17 cane toads
  3 molten gargoyles (Lair:6)
  2 kobold demonologists (D:12)
  Maggie (D:7)
  11 komodo dragons
  3 rime drakes
  5 trolls
  A polar bear (Lair:5)
  A hornet (D:7)
  24 blink frogs
  A shadow (D:5)
  9 wyverns
  40 yaks
  A wraith (D:11)
  12 basilisks
  Grum (Lair:1)
  7 wargs
  3 steam dragons
  Menkaure (D:7)
  2 vampire mosquitoes (D:10)
  6 nagas (Lair:3)
  8 water moccasins
  An acid dragon (D:10)
  2 swamp worms (Lair:3)
  5 hell hounds (Lair:6)
  41 orc warriors
  7 black bears
  2 ice beasts
  A sky beast (D:7)
  3 centaurs
  4 ogres
  5 wolves
  2 phantoms
  3 kobold brigands (Bailey)
  3 necrophages
  A gnoll sergeant (D:6)
  12 bullfrogs
  4 scorpions
  7 wights (D:7)
  13 killer bees
  5 lava snakes (Lair:6)
  7 hounds
  A gnoll shaman (D:7)
  Crazy Yiuf (D:2)
  5 iguanas
  17 orc priests
  21 orc wizards
  A mummy (Ossuary)
  13 gnolls
  9 adders
  A shadow imp (D:8)
  2 white imps (D:7)
  An ufetubus (D:6)
  A worm (D:3)
  4 dart slugs
  93 orcs
  6 ball pythons
  3 bats
  5 endoplasms
  5 giant cockroaches
  9 goblins
  9 hobgoblins
  3 jackals (D:2)
  14 kobolds
  2 bat simulacra (Ossuary)
  2 frilled lizards
  12 gnoll zombies (Ossuary)
  6 goblin simulacra (Ossuary)
  6 goblin zombies (Ossuary)
  2 hobgoblin zombies (Ossuary)
  5 kobold simulacra (Ossuary)
  8 kobold zombies
  3 orc zombies (Ossuary)
  A rat (D:2)
  4 rat simulacra (Ossuary)
  4 spectral goblins (Ossuary)
  5 spectral kobolds (Ossuary)
  3 spectral rats (Ossuary)
642 creatures vanquished.

Vanquished Creatures (collateral kills)
  2 orc warriors (Bailey)
  2 kobold brigands (Bailey)
4 creatures vanquished.

Vanquished Creatures (others)
  A bush (Lair:6)
  A butterfly (Lair:5)
  52 fungi
  41 plants
  2 withered plants (D:5)
97 creatures vanquished.

Grand Total: 743 creatures vanquished

Notes
Turn   | Place    | Note
-------+----------+-------------------------------------------
     0 | D:1      | Geeful the Ogre Gladiator began the quest for the Orb.
     0 | D:1      | Reached XP level 1. HP: 22/22 MP: 1/1
    39 | D:1      | Found Peulaic's Book Shop.
   272 | D:1      | Reached skill level 3 in Fighting
   272 | D:1      | Reached XP level 2. HP: 31/31 MP: 2/2
  1204 | D:2      | Found a faded altar of an unknown god.
  1212 | D:2      | Reached XP level 3. HP: 37/37 MP: 3/3
  1404 | D:2      | Found a runed translucent door.
  1405 | D:2      | Noticed Crazy Yiuf
  1836 | D:2      | Reached XP level 4. HP: 42/48 MP: 4/4
  2106 | D:2      | Killed Crazy Yiuf
  2152 | D:3      | Reached skill level 4 in Fighting
  2152 | D:3      | Reached XP level 5. HP: 54/54 MP: 5/5
  2723 | D:3      | Found a faded altar of an unknown god.
  2723 | D:3      | Found a glowing golden altar of the Shining One.
  2730 | D:3      | Found a faded altar of an unknown god.
  2733 | D:3      | Became a worshipper of the Shining One
  2738 | D:3      | Found an ornate altar of the Wu Jian Council.
  2740 | D:3      | Found a stormy altar of Qazlal.
  2917 | D:4      | Noticed a phantom
  2938 | D:3      | Reached XP level 6. HP: 63/63 MP: 6/6
  3139 | D:4      | Reached skill level 5 in Fighting
  3254 | D:4      | Found a staircase to the Ecumenical Temple.
  3433 | D:4      | Reached XP level 7. HP: 72/72 MP: 7/7
  3610 | D:5      | Entered Level 5 of the Dungeon
  3710 | D:5      | Found an iron altar of Okawaru.
  3732 | D:5      | HP: 3/108 [black bear (3)]
  4088 | D:5      | Reached skill level 6 in Fighting
  4454 | D:5      | Reached XP level 8. HP: 83/83 MP: 8/8
  4515 | D:5      | Reached skill level 5 in Maces & Flails
  4515 | D:5      | Reached skill level 5 in Dodging
  4554 | D:5      | Found an ancient bone altar of Kikubaaqudgha.
  4624 | D:5      | Reached skill level 5 in Throwing
  4658 | D:5      | Identified the +10 dagger "Arphoiren" {venom, rPois Int+5
                  | SInv}
  4811 | D:5      | Reached skill level 7 in Fighting
  4822 | D:5      | Found a glowing silver altar of Zin.
  4835 | D:5      | Noticed a shadow
  4840 | D:5      | Killed a shadow
  4857 | D:5      | Found a burning altar of Makhleb.
  4873 | D:5      | Identified the -3 pair of gloves "Henajool" {rC+ rN+ Dex-2
                  | Slay+2}
  4905 | D:5      | Identified the +2 ring mail of the Other Side {rF- Will+++
                  | MP+9 Int+4}
  5073 | D:6      | Found a hide-covered altar of Uskayaw.
  5458 | D:6      | Reached * piety under the Shining One
  6105 | D:6      | Reached XP level 9. HP: 76/94 MP: 9/9
  6299 | D:6      | Reached skill level 8 in Fighting
  6663 | D:7      | Noticed Maggie
  6679 | D:7      | Killed Maggie
  6679 | D:7      | Noticed Menkaure
  7063 | D:7      | Killed Menkaure
  7530 | D:7      | Noticed a hornet
  7536 | D:7      | Killed a hornet
  7537 | D:7      | Reached skill level 9 in Fighting
  7692 | D:7      | Reached ** piety under the Shining One
  8000 | D:7      | Reached XP level 10. HP: 88/107 MP: 10/10
  8901 | D:8      | Found a sand-covered staircase.
  8911 | Ossuary  | Entered an ossuary
  8954 | Ossuary  | Reached *** piety under the Shining One
  9038 | Ossuary  | Reached **** piety under the Shining One
  9099 | Ossuary  | Reached ***** piety under the Shining One
  9594 | D:8      | Noticed a two-headed ogre
  9607 | D:8      | Killed a two-headed ogre
  9608 | D:8      | Reached skill level 10 in Fighting
  9994 | D:8      | Found Akkois's Assorted Antiques.
 10247 | D:8      | Found a bloodstained altar of Trog.
 10720 | D:8      | Bought a fuming dark potion for 25 gold pieces
 10720 | D:8      | Bought an embroidered robe for 103 gold pieces
 10720 | D:8      | Bought a runed robe for 103 gold pieces
 10811 | D:9      | Found a flagged portal.
 10820 | Bailey   | Entered a bailey
 11041 | Bailey   | Found a burning altar of Makhleb.
 11236 | D:9      | Noticed a two-headed ogre
 11245 | D:9      | Killed a two-headed ogre
 11246 | D:9      | Reached skill level 1 in Invocations
 11246 | D:9      | Reached XP level 11. HP: 92/119 MP: 7/12
 11535 | D:9      | Reached skill level 11 in Fighting
 12083 | D:10     | Entered Level 10 of the Dungeon
 12396 | D:10     | Found a staircase to the Lair.
 13314 | D:11     | Noticed a two-headed ogre
 13340 | Lair:1   | Entered Level 1 of the Lair of Beasts
 13993 | Lair:1   | Noticed Grum
 14001 | Lair:1   | Killed Grum
 15145 | Lair:2   | Reached skill level 12 in Fighting
 15452 | Lair:2   | Reached skill level 5 in Invocations
 15699 | Lair:2   | Reached XP level 12. HP: 132/132 MP: 15/15
 17332 | Lair:3   | Found a staircase to the Snake Pit.
 17359 | Lair:3   | Reached skill level 10 in Throwing
 17588 | Lair:3   | Reached skill level 13 in Fighting
 17898 | Lair:3   | Noticed a seven-headed hydra
 17916 | Lair:3   | Killed a seven-headed hydra
 18112 | Lair:3   | Noticed a death yak
 18136 | Lair:3   | Killed a death yak
 18595 | Lair:3   | You fall into a shaft and drop 2 floors!
 18925 | Lair:4   | Reached XP level 13. HP: 132/144 MP: 18/18
 19560 | Lair:3   | Reached skill level 10 in Dodging
 19685 | Lair:3   | Reached skill level 10 in Maces & Flails
 19713 | Lair:3   | Found a staircase to the Swamp.
 20869 | Lair:4   | Reached skill level 14 in Fighting
 22282 | Lair:6   | Entered Level 6 of the Lair of Beasts
 22282 | Lair:6   | Found a viscous altar of Jiyva.
 22282 | Lair:6   | Found a staircase to the Slime Pits.
 22701 | Lair:5   | Reached XP level 14. HP: 99/157 MP: 20/20
 23484 | D:11     | Found a staircase to the Orcish Mines.
 23556 | D:11     | Found a radiant altar of Vehumet.
 23885 | D:11     | Identified the +4 long sword of the Fool {vorpal, rCorr}
 24065 | D:11     | Found a transporter.
 24069 | D:11     | Noticed Notta's ghost (journeyman GrEE)
 24080 | D:11     | Found a transporter.
 24139 | D:11     | Reached skill level 15 in Fighting
 24286 | D:11     | Noticed Urug
 24301 | D:11     | Killed Urug
 24759 | Orc:1    | Entered Level 1 of the Orcish Mines
 24903 | Orc:1    | Reached ****** piety under the Shining One
 25932 | Orc:2    | Entered Level 2 of the Orcish Mines
 26823 | Orc:2    | Found a staircase to the Elven Halls.
 28097 | Orc:2    | Found Jiha's Weapon Shop.
 28097 | Orc:2    | Found Cacium's Book Shoppe.
 28105 | Orc:2    | Bought 2 boomerangs for 18 gold pieces
 28282 | Orc:2    | Found Puiqoumm's Weapon Shop.
 28282 | Orc:2    | Found Bureig's Antique Armour Shoppe.
 28387 | Orc:2    | Reached skill level 10 in Invocations
 29997 | Lair:6   | Reached skill level 16 in Fighting
 30072 | Lair:6   | Reached XP level 15. HP: 170/170 MP: 22/22
 30355 | Lair:6   | Found a large runed translucent door.
 30439 | Lair:6   | Found a large runed translucent door.
 31257 | D:12     | Slain by an ice devil

Illustrated notes

Levels and vault maps discovered:
D:1:      erik_arrival_orb_chamber, layout_basic, serial_shops,
          nicolae_shop_trees
D:2:      layout_basic, hellmonk_ecumenical_altar_dog_temple,
          uniq_crazy_yiuf_cottage
D:3:      layout_rooms, chequers_temple_overflow_minitemple, minivault_27
D:4:      layout_gridville, lemuel_temple_firewalk_b, st_stairs_7
D:5:      layout_cave_pools, kiku_gazebo_garden_becter, marbit_many_paths,
          general_overflow_altar, lemuel_tele_altar
D:6:      layout_cave_pools, nicolae_uskayaw_murder_on_the_dancefloor
D:7:      layout_loops_ring, dk_noncrumbling_4, chequers_arboretum, uniq_maggie,
          uniq_menkaure
D:8:      layout_basic, mainiacjoe_overflow_alcove_1, serial_shops, shop,
          enter_ossuary_3, minmay_strange_pillars, serial_park_tiny_2
D:9:      layout_long_grid, enter_bailey_8
D:10:     layout_rooms, lair_entry_dummy
D:11:     layout_long_grid, erik_orc_4, gammafunk_ghost_arena,
          minmay_misc_feat_square, nicolae_vehumet_altar_sigil, uniq_urug
D:12:     layout_rooms, dk_noncrumbling_3, kennysheep_generic_room_9,
          uniq_sonja, uniq_nergalle
Lair:1:   layout_cellular_growth, minmay_holes, uniq_grum
Lair:2:   layout_cave_pods, beast_lair_carwin_5, lemuel_fruit_tree
Lair:3:   layout_cave_pods, palyth_hydra_swamp_entry,
          minmay_snake_entry_guardpost_medium
Lair:4:   layout_loops_ring
Lair:5:   layout_regular_city, lemuel_fruit_fields, grunt_megastairs_1
Lair:6:   cheibrodos_lair_end_hotspot, layout_loops_ring, slime_altar_1
Orc:1:    layout_caves
Orc:2:    st_orc_town, layout_diamond_mine

Skill      XL: |  1  2  3  4  5  6  7  8  9 10 11 12 13 14 |
---------------+-------------------------------------------+-----
Fighting       | 3 4 5 6 7 9 10 12 13 14 16 | 16.3
Maces & Flails | 3 4 5 6 8 9 10 11 | 11.9
Dodging        | 3 4 5 6 8 9 10 11 | 11.9
Throwing       | 3 4 5 7 8 9 10 11 12 | 12.8
Invocations    | 1 5 7 8 10 | 10.8

Action                   |  1- 3 |  4- 6 |  7- 9 | 10-12 | 13-15 || total
-------------------------+-------+-------+-------+-------+-------++-------
Melee: Flail             |    93 |    89 |    43 |       |       ||   225
       Punch             |     1 |     1 |     3 |     1 |       ||     6
       Dagger            |       |       |   160 |   246 |       ||   406
       Giant spiked club |       |       |       |   254 |   449 ||   703
Throw: Boomerang         |     5 |    28 |    59 |   172 |   509 ||   773
       Large rock        |       |     1 |     1 |       |       ||     2
       Throwing net      |       |     1 |     3 |       |       ||     4
       Dart              |       |     2 |     6 |     5 |       ||    13
       Javelin           |       |       |     3 |       |       ||     3
Invok: Divine Shield     |       |       |       |     3 |    12 ||    15
       Cleansing Flame   |       |       |       |       |     1 ||     1
Evoke: Wand              |       |       |    11 |       |     7 ||    18
  Use: Scroll            |       |       |     8 |    20 |     8 ||    36
       Potion            |       |       |     2 |     2 |     6 ||    10
 Stab: Sleeping          |       |     1 |       |       |       ||     1
Armor: Robe              |    33 |    27 |    34 |   146 |   154 ||   394
Dodge: Dodged            |    54 |    46 |   114 |   340 |   324 ||   878
Block: Other             |       |       |       |     7 |    89 ||    96

Table legend: (Time is in decaauts)
 A = Elapsed time spent in this place.
 B = Non-inter-level travel time spent in this place.
 C = Inter-level travel time spent in this place.
 D = Time resting spent in this place.
 E = Time spent auto-exploring this place.
 F = Levels seen in this place.
 G = Mean time per level.
                   A        B        C        D        E       F      G
               +--------+--------+--------+--------+--------+-----+--------+
         Total |  31346 |  30166 |   1180 |   6007 |  18382 |  22 | 1424.8 |
       Dungeon |  14928 |  14476 |    452 |   1983 |  10136 |  12 | 1244.0 |
          Lair |  11874 |  11221 |    653 |   2675 |   7005 |   6 | 1979.0 |
  Orcish Mines |   3762 |   3688 |     74 |   1331 |   1215 |   2 | 1881.0 |
       Ossuary |    477 |    477 |      0 |      0 |      0 |   1 |  477.0 |
        Bailey |    302 |    302 |      0 |     17 |     26 |   1 |  302.0 |
               +--------+--------+--------+--------+--------+-----+--------+

Top non-repeatable levels by time:
  Lair:5: 2695 daAuts
  Lair:3: 2491 daAuts
   Orc:2: 2349 daAuts
  Lair:2: 2074 daAuts
    D:11: 1921 daAuts
     D:7: 1916 daAuts
     D:5: 1795 daAuts
  Lair:6: 1705 daAuts
     D:6: 1613 daAuts
  Lair:1: 1467 daAuts
  Lair:4: 1438 daAuts
   Orc:1: 1413 daAuts
    D:10: 1377 daAuts
     D:8: 1344 daAuts
     D:9: 1213 daAuts
